 Dungeon Crawl Stone Soup version 0.32-a0-433-g08bcfe7 (webtiles) character file.

Game seed: 11958311596263714008

7387 jagoly the Slicer (level 10, -8/80 HPs)
             Began as a Mummy Brigand on Feb 22, 2024.
             Was an Elder of Nemelex Xobeh.
             Mangled by a death scarab (23 damage)
             ... in a Gauntlet.
             The game lasted 00:45:29 (10972 turns).

jagoly the Slicer (Mummy Brigand)                  Turns: 10972, Time: 00:45:30

Health: -8/80      AC:  9    Str: 16    XL:     10   Next: 92%
Magic:  10/10      EV: 11    Int: 10    God:    Nemelex Xobeh [****..]
Gold:   381        SH:  5    Dex: 17    Spells: 9/9 levels left

rFire   x . .        a - +2 quick blade (flame)
rCold   + + .        (no shield)
rNeg    + + +        D - +1 ring mail {rC+}
rPois   ∞            (no helmet)
rElec   .            c - +0 cloak
rCorr   .            J - +0 pair of gloves
SInv    +            h - +0 pair of boots
Will    +....        B - amulet of reflection
Stlth   ++           g - +4 ring of slaying
HPRegen 0.33/turn    o - ring of see invisible
MPRegen 0.12/turn

%: no teleportation, reflection, faith
@: slowed, very slow
A: cold resistance 1, negative energy resistance 3, torment resistance 2, heat
vulnerability 1, in touch with death 1, no potions, faith
a: Renounce Religion, Draw Escape, Draw Destruction, Draw Summoning, Triple
Draw, Deal Four


You were in a Gauntlet.
You worshipped Nemelex Xobeh.
Nemelex Xobeh was greatly pleased with you.
You visited 2 branches of the dungeon, and saw 12 of its levels.
You also visited: Sewer and Gauntlet.

You collected 626 gold pieces.
You spent 245 gold pieces at shops.

Inventory:

Hand Weapons
 a - a +2 quick blade of flaming (weapon)
 b - a +0 sling
 w - a +2 dagger of venom
 C - a +0 arbalest
 F - a +2 heavy trident
Missiles
 d - 12 poisoned darts (quivered)
 e - 6 curare-tipped darts
 f - 92 stones
 q - 3 boomerangs
Armour
 c - a +0 cloak (worn)
 h - a +0 pair of boots (worn)
 m - a +0 robe
 u - a +0 buckler
 D - a +1 ring mail of cold resistance (worn)
 H - a +2 chain mail of fire resistance
 J - a +0 pair of gloves (worn)
Jewellery
 g - a +4 ring of slaying (left hand)
 j - a ring of wizardry
 o - a ring of see invisible (right hand)
 p - a ring of flight
 B - an amulet of reflection (around neck)
 G - a ring of ice
Wands
 k - a wand of mindburst (8)
 A - a wand of flame (23)
 E - a wand of digging (3)
Scrolls
 i - 2 scrolls of poison
 l - 4 scrolls of vulnerability
 n - 4 scrolls of revelation
 r - 2 scrolls of silence
 s - 2 scrolls of fear
 t - 6 scrolls of enchant armour
 v - 3 scrolls of blinking
 x - 2 scrolls of immolation
 y - 2 scrolls of fog
 z - 3 scrolls of teleportation
 I - a scroll of identify


   Skills:
 - Level 8.0 Fighting
 + Level 12.3 Short Blades
 - Level 2.0 Throwing
 - Level 2.0 Dodging
 - Level 4.0 Stealth


You had 9 spell levels left.
You didn't know any spells.
Your spell library contained the following spells:

 Spells                   Type           Power      Damage    Failure   Level
 Freeze                   Ice            0%         1d3       58%         1
 Lesser Beckoning         Tloc           0%         N/A       73%         2
 Frozen Ramparts          Ice            0%         1d1       91%         3
 Gell's Gravitas          Tloc           0%         N/A       91%         3
 Teleport Other           Tloc           0%         N/A       91%         3
 Animate Armour           Summ/Erth      0%         N/A       100%        4
 Leda's Liquefaction      Alch/Erth      0%         N/A       100%        4
 Petrify                  Alch/Erth      0%         N/A       100%        4
 Summon Lightning Spire   Summ/Air       0%         N/A       100%        4
 Vhi's Electric Charge    Tloc/Air       0%         N/A       100%        4
 Arcjolt                  Conj/Air       0%         1d10      100%        5
 Freezing Cloud           Conj/Ice/Air   0%         6-21      100%        5
 Metabolic Englaciation   Hex/Ice        0%         N/A       100%        5
 Plasma Beam              Fire/Air       0%         2x1d10    100%        6
 Sculpt Simulacrum        Ice/Alch       0%         N/A       100%        6


Dungeon Overview and Level Annotations

Branches:
Dungeon (11/15) Zot: 26895  Temple (1/1) D:5 Zot: 5981     Orc (0/2) D:10
  Sewer (visited)         Gauntlet (1/1) Zot: 5767
   Lair: D:8-11

Altars:
Ashenzari
Cheibriados
Dithmenos
Fedhas
Gozag
Hepliaklqana
Kikubaaqudgha
Makhleb
Nemelex Xobeh
Okawaru
Qazlal
Ru
Sif Muna
Trog
Uskayaw
Vehumet
Wu Jian
Xom
Yredelemnul

Shops:
D:2 ?

Annotations:
D:6 2 exclusions
D:8 Amaemon, Psyche
D:10 3 runed translucent doors, Josephine; Zagger's ghost, journeyman CoFi Gauntlet 13 transporters, 5 runed translucent doors


Innate Abilities, Weirdness & Mutations

You are immune to poison.
Your flesh is cold resistant. (rC+)
You are immune to negative energy. (rN+++)
You are immune to unholy pain and torment.
You are vulnerable to heat. (rF-)
You are in touch with the powers of death.
You do not drink.
You have a special connection with the divine. (Faith)


Message History

Throw: 7 darts (curare)
Press: ? - help, Shift-Dir - straight line, f - Fannar
Aim: Fannar, wielding a +0 quarterstaff of freezing, wearing a +1 robe of cold resistance and wearing a ring of ice (wandering, hasn't noticed you, 52% to hit)
You throw a curare-tipped dart. The curare-tipped dart hits Fannar.
Fannar is poisoned.
Fannar struggles to breathe.
Fannar seems to slow down.
Fannar shouts!
Fannar is lightly wounded.
Unknown command.
Fannar casts a spell.
Fannar drains the heat from the surrounding environment!
You resist.
Unknown command.
Unknown command.
Unknown command.
Unknown command.
Found a maw talisman.
Fannar hits you with a +0 quarterstaff of freezing.
Unknown command.
You hit Fannar. You burn Fannar. You hit Fannar. You burn Fannar.
Fannar is moderately wounded.
You hit Fannar but do no damage. x2
Fannar is moderately wounded.
Fannar hits you with a +0 quarterstaff of freezing!
Fannar freezes you.
You hit Fannar but do no damage. x2
Fannar is moderately wounded.
You hit Fannar. You burn Fannar. You hit Fannar. You burn Fannar.
Fannar is moderately wounded.
Fannar barely misses you.
You hit Fannar but do no damage. You miss Fannar.
Fannar is moderately wounded.
You hit Fannar but do no damage. You hit Fannar. You burn Fannar.
Fannar is moderately wounded.
You block Fannar's attack.
You miss Fannar. You barely miss Fannar.
Fannar is moderately wounded.
You closely miss Fannar. You hit Fannar. You burn Fannar.
Fannar is moderately wounded.
Fannar is no longer moving slowly.
Fannar hits you with a +0 quarterstaff of freezing.
You hit Fannar. You burn Fannar. You hit Fannar. You burn Fannar.
Fannar is heavily wounded.
Throw: 6 darts (curare)
Press: ? - help, Shift-Dir - straight line, f/p - Fannar
Aim: Fannar, wielding a +0 quarterstaff of freezing, wearing a +1 robe of cold resistance and wearing a ring of ice (heavily wounded, poisoned, 52% to hit)
You throw a curare-tipped dart.
The curare-tipped dart closely misses Fannar.
Fannar hits you with a +0 quarterstaff of freezing!
Fannar freezes you.
Throw: 5 darts (curare)
Press: ? - help, Shift-Dir - straight line, f/p - Fannar
Aim: Fannar, wielding a +0 quarterstaff of freezing, wearing a +1 robe of cold resistance and wearing a ring of ice (heavily wounded, poisoned, 52% to hit)
You throw a curare-tipped dart.
The curare-tipped dart completely misses Fannar.
You block Fannar's attack.
Throw: 4 darts (curare)
Press: ? - help, Shift-Dir - straight line, f/p - Fannar
Aim: Fannar, wielding a +0 quarterstaff of freezing, wearing a +1 robe of cold resistance and wearing a ring of ice (heavily wounded, poisoned, 52% to hit)
You throw a curare-tipped dart. The curare-tipped dart hits Fannar.
Fannar looks even sicker.
Fannar struggles to breathe.
Fannar seems to slow down.
Fannar is severely wounded.
You block Fannar's attack.
You hit Fannar. You burn Fannar. You barely miss Fannar.
Fannar is severely wounded.
You hit Fannar but do no damage. x2
Fannar is severely wounded.
Fannar closely misses you.
You hit Fannar. You burn Fannar. You hit Fannar. You burn Fannar.
Fannar is almost dead.
You hit Fannar. You burn Fannar. You hit Fannar. You burn Fannar.
Fannar is almost dead.
You kill Fannar!
Your Short Blades skill increases to level 11!
G - a ring of ice;
e - 6 curare-tipped darts (gained 3)
Things that are here:
a +0 quarterstaff of freezing; a +1 robe of cold resistance; the elf corpse of Fannar
e - 7 curare-tipped darts (gained 1)
Things that are here:
a +0 quarterstaff of freezing; a +1 robe of cold resistance; the elf corpse of Fannar HP restored.
y - 2 scrolls of fog (gained 1)
Found a ring mail.
f - 78 stones (gained 3)
A yak comes into view.
The yak moves out of view.
Found a stone staircase leading down.
The yak bellows!
You hear a bellow!
You see here a book of Sloth.
You pick up a book of Sloth and begin reading...
You add the spells Frozen Ramparts, Leda's Liquefaction, Petrify and Metabolic Englaciation to your library.
A yak comes into view. x2
The yak bellows!
You hit the yak but do no damage. You hit the yak. You burn the yak.
The yak is lightly wounded.
The yak gores you!
You hit the yak. You burn the yak. You hit the yak. You burn the yak.
The yak is lightly wounded.
You hit the yak. You burn the yak. You barely miss the yak.
The yak is moderately wounded.
The yak completely misses you.
You hit the yak. You burn the yak. You hit the yak but do no damage.
The yak is moderately wounded.
You barely miss the yak. You hit the yak. You burn the yak.
The yak is heavily wounded.
You block the yak's attack.
You hit the yak. You burn the yak. You puncture the yak! You burn the yak.
The yak is almost dead.
The yak gores you.
You hit the yak. You burn the yak. You hit the yak. You burn the yak.
You kill the yak!
You swing at nothing.
You hit the yak. You burn the yak. You puncture the yak! You burn the yak.
The yak is moderately wounded.
You hit the yak. You burn the yak. You hit the yak. You burn the yak.
The yak is almost dead.
You block the yak's attack.
You completely miss the yak. You hit the yak. You burn the yak.
The yak is almost dead.
The yak closely misses you.
You hit the yak but do no damage. You hit the yak. You burn the yak.
The yak is almost dead.
You puncture the yak! You burn the yak.
You kill the yak!
You hit the yak. You burn the yak. You puncture the yak! You burn the yak.
The yak is heavily wounded.
The yak barely misses you.
You hit the yak. You burn the yak. You hit the yak. You burn the yak.
The yak is severely wounded.
You barely miss the yak. You hit the yak. You burn the yak.
The yak is almost dead.
You block the yak's attack.
You hit the yak. You burn the yak. You hit the yak. You burn the yak.
The yak is almost dead.
The yak gores you!
You hit the yak. You burn the yak.
You kill the yak!
You swing at nothing.
Things that are here:
a yak corpse; a yak corpse
f - 86 stones (gained 8) 2 wraiths come into view.
The helpless wraith fails to defend itself.
You stick the wraith like a pincushion!!!
You burn the wraith.
You destroy the wraith!
Josephine the Decaying Necromancer comes into view.
She is wielding a +0 dagger and wearing a +2 robe of willpower.
Found a runed spear.
Josephine shouts!
A wraith comes into view.
Press: ? - help, v - describe, . - travel
Here: Josephine, wielding a +0 dagger and wearing a +2 robe of willpower The floor.
Unknown command.
Unknown command.
Unknown command.
Unknown command.
Unknown command.
Unknown command.
Unknown command.
Unknown command.
Unknown command.
Unknown command.
Unknown command.
Josephine casts a spell at you.
You convulse!
Unknown command.
Unknown command.
Unknown command.
Unknown command.
Josephine grins malevolently.
There is a stone staircase leading up, spattered with blood here.
You climb upwards.
There is a stone staircase leading down here.
HP restored.
There is a stone staircase leading down here.
Things that are here:
a ring of wizardry; an amulet of magic regeneration; an amulet of the acrobat You start resting.
HP restored.
You climb downwards.
Level annotation: Josephine
There is a stone staircase leading up here.
Found 3 large rocks.
Zagger's ghost turns its malevolent gaze towards you.
Zagger's ghost crushes a nearby insect and laughs.
Key pressed, stopping explore.
Found a staircase to the Orcish Mines.
Found a pair of gloves.
Key pressed, stopping explore.
Unknown command.
You see here a +0 pair of gloves.
You start putting on your armour.
You continue putting on your +0 pair of gloves. x4
You finish putting on your +0 pair of gloves.
A yak comes into view.
Found 18 gold pieces.
A yak comes into view.
You hit the yak. You burn the yak. You hit the yak but do no damage.
The yak is lightly wounded.
The yak gores you!
You completely miss the yak. You barely miss the yak.
The yak is lightly wounded.
You barely miss the yak. You hit the yak. You burn the yak.
The yak is moderately wounded.
The yak gores you.
You barely miss the yak. You hit the yak. You burn the yak.
The yak is moderately wounded.
You hit the yak. You burn the yak. You hit the yak. You burn the yak.
The yak is heavily wounded.
The yak gores you!
You puncture the yak! You burn the yak. You hit the yak. You burn the yak.
The yak is severely wounded.
The yak gores you.
You hit the yak. You burn the yak. You hit the yak. You burn the yak.
The yak is almost dead.
You hit the yak. You burn the yak.
You kill the yak!
You hit the yak. You burn the yak. You hit the yak. You burn the yak.
The yak is moderately wounded.
You hit the yak. You burn the yak. You hit the yak. You burn the yak.
The yak is heavily wounded.
You block the yak's attack.
You hit the yak but do no damage. You hit the yak. You burn the yak.
The yak is severely wounded.
You block the yak's attack.
You barely miss the yak. You hit the yak but do no damage.
The yak is severely wounded.
You hit the yak. You burn the yak. You barely miss the yak.
The yak is almost dead.
The yak gores you.
You hit the yak. You burn the yak. You puncture the yak! You burn the yak.
You kill the yak!
No target in view!
HP restored.
A yak comes into view.
You see here a yak corpse.
You hit the yak. You burn the yak. You hit the yak. You burn the yak.
The yak is moderately wounded.
The yak barely misses you.
You puncture the yak! You burn the yak. You hit the yak. You burn the yak.
The yak is almost dead.
The yak gores you!
You hit the yak. You burn the yak.
You kill the yak!
No target in view!
You now have 381 gold pieces (gained 18).
Found a broken altar of Ashenzari.
You see here a +0 spear of venom.
f - 92 stones (gained 6)
Found a quarterstaff.
Found a stone staircase leading down.
Key pressed, stopping explore.
Unknown command.
Key pressed, stopping explore.
Unknown command.
There is a stone staircase leading down here.
You climb downwards.
You hear a distant snort.
Hark!
There is a gateway to a gauntlet on this level.
Find the entrance quickly before the gate is sealed!
There is a stone staircase leading up here.
Found a quarterstaff.
Found a stone staircase leading up.
A boulder beetle comes into view.
Found a stone staircase leading down.
A boulder beetle is nearby!
Throw: 7 darts (curare)
Press: ? - help, Shift-Dir - straight line, f - boulder beetle
Aim: a boulder beetle (asleep, 98% to hit)
You throw a curare-tipped dart.
The curare-tipped dart hits the boulder beetle.
The boulder beetle is poisoned.
The boulder beetle struggles to breathe.
The boulder beetle seems to slow down.
The boulder beetle is lightly wounded.
Throw: 12 darts (poison)
Press: ? - help, Shift-Dir - straight line, f/p - boulder beetle
Aim: a boulder beetle (lightly wounded, very poisoned, slow, 91% to hit)
You throw a poisoned dart.
The poisoned dart hits the boulder beetle.
The boulder beetle looks even sicker.
The boulder beetle is lightly wounded.
The boulder beetle curls into a ball and begins rolling!
Throw: 11 darts (poison)
Press: ? - help, Shift-Dir - straight line, f/p - boulder beetle
Aim: a boulder beetle (lightly wounded, rolling, very poisoned, slow, 91% to hit)
You throw a poisoned dart.
The poisoned dart hits the boulder beetle.
The boulder beetle looks as sick as possible!
The boulder beetle is lightly wounded.
Found a shiny orb.
Throw: 10 darts (poison)
Press: ? - help, Shift-Dir - straight line, f/p - boulder beetle
Aim: a boulder beetle (heavily wounded, rolling, very poisoned, slow, 91% to hit)
You throw a poisoned dart.
The poisoned dart hits the boulder beetle.
The boulder beetle looks as sick as possible!
The boulder beetle is heavily wounded.
Throw: 9 darts (poison)
Press: ? - help, Shift-Dir - straight line, f/p - boulder beetle
Aim: a boulder beetle (severely wounded, rolling, extremely poisoned, slow, 91% to hit)
Okay, then.
You hit the boulder beetle. You burn the boulder beetle.
You puncture the boulder beetle! You burn the boulder beetle.
You kill the boulder beetle!
Your Short Blades skill increases to level 12!
You see here a boulder beetle corpse.
Unknown command.
You see here an orb of wrath.
Found a bubbling pink potion.
d - 11 poisoned darts (gained 2);
e - 7 curare-tipped darts (gained 1)
There is a stone staircase leading down here.
d - 12 poisoned darts (gained 1)
You hear the faint beating of a distant drum.
You open the door.
There is an open door here.
A troll, a centaur and a gargoyle come into view.
The centaur shouts!
The troll shouts!
You hear a shout!
The centaur moves out of view.
There is an open door here.
A troll comes into view.
Unknown command.
There is a stone staircase leading up here.
Unknown command.
Unknown command.
Unknown command.
Unknown command.
The troll barely misses you. The troll claws you. The troll closely misses you.
You climb upwards.
Level annotation: 3 runed translucent doors, Josephine; Zagger's ghost, journeyman CoFi
There is a stone staircase leading down here.
Unknown command.
Throw: 7 darts (curare)
Press: ? - help, Shift-Dir - straight line, f - troll
Aim: a troll (67% to hit)
You throw a curare-tipped dart. The curare-tipped dart hits the troll.
The troll is poisoned.
The troll struggles to breathe.
The troll seems to slow down.
The troll is moderately wounded.
You hit the troll. You burn the troll. You hit the troll but do no damage.
The troll is heavily wounded.
The troll bites you. The troll claws you but does no damage.
You block the troll's attack.
You puncture the troll! You burn the troll. You barely miss the troll.
The troll is severely wounded.
You hit the troll. You burn the troll. You barely miss the troll.
The troll is almost dead.
You puncture the troll! You burn the troll.
You kill the troll!
No target in view!
You see here a troll corpse.
HP restored.
There is a stone staircase leading down here.
You climb downwards.
You hear a distant snort.
Hark!
There is a gateway to a gauntlet on this level.
Find the entrance quickly before the gate is sealed!
There is a stone staircase leading up here.
Found a gate leading to a gauntlet.
You hear the beating of a drum.
There is a gate leading to a gauntlet here.
Beware, the minotaur awaits!
The world spins around you as you enter the gateway.
You enter a gauntlet!
The nature of this place prevents you from teleporting.
You can now deal four cards at a time.
Found a gate leading back out of this place.
Found two transporters.
There is an empty arch of ancient stone here.
There is a transporter here.
Found a runed translucent door.
The iron imp shouts! x2
Found a transporter.
Found a pitted emerald amulet, 19 gold pieces and a broad axe.
Found two transporters.
The ynoxinul bellows!
Found 11 gold pieces.
Found a runed translucent door.
Found a transporter.
Found a shiny scale mail.
The iron imp shouts, "Bolt, thou craven weather-bitten bootlicker!"
Found a spiked hat.
Found a puce potion.
The iron imp shouts, "Back with thee, thou cockered crook-pated minnow reeky!"
There is a transporter here.
The iron imp grins evilly.
The iron imp laughs crazily.
Found two transporters.
The meliai buzzes angrily.
Found a runed translucent gate.
Found a lumpy blue potion and a faintly glowing carnelian ring.
Found 39 gold pieces.
Found a transporter.
Found a runed translucent gate.
The catoblepas bellows!
Why would you want to do that?
Found a sedimented inky potion.
Found a gate leading back out of this place.
Found a transporter.
The meliai buzzes angrily.
Found a ring of see invisible.
Found a scroll labelled RYMIOMNUTI.
The meliai buzzes angrily.
Found a staff of conjuration.
The hell hound barks!
Found a transporter.
The hell hound barks!
Nemelex Xobeh deals you some cards!
You now have 7 escape cards, 9 destruction cards and 10 summoning cards.
Found two transporters.
Found a ring of see invisible.
Found a scroll of fog.
The hell hound stops to sniff the ground.
Found a scroll of blinking and an orcbow.
Found a transporter.
The death scarab's many legs skitter faintly.
The death scarab waves its antennae.
There is a transporter here.
Unknown command.
Unknown command.
Okay, then.
Okay, then.
Search for what [? for help]? .
Unknown command.
Unknown command.
Unknown command.
Unknown command.
Unknown command.
Your movement speed is average.
Your attack delay is about 0.6.
Your damage rating with your +2 quick blade of flaming is about 12 (Base 4 x 117% (Dex) x 140% (Skill) + 6 (Ench + Slay)).
Unknown command.
Unknown command.
Okay, then.
Okay, then.
Okay, then.
Press: ? - help, v - describe, . - travel
Here: a death scarab (fire blocked by a translucent stone wall)
The floor.
Unknown command.
The death scarab waves its antennae.
There is a transporter here.
You enter the transporter and appear at another place.
Unknown command.
Unknown command.
Unknown command.
The death scarab bites you!! The death scarab drains your vigour!
You feel yourself slow down.
Unknown command.
Unknown command.
You draw a card...
You have drawn the Dance.
Unknown command.
Unknown command.
Unknown command.
Unknown command.
The death scarab bites your -1 hand axe of Oshries {heavy, +Blink} but does no damage.
The death scarab bites your -1 hand axe of Oshries {heavy, +Blink}!
The death scarab drains your -1 hand axe of Oshries {heavy, +Blink}'s vigour!
Your -1 hand axe of Oshries {heavy, +Blink} seems to slow down.
The spectral seven-headed hydra bites your -1 hand axe of Oshries {heavy, +Blink} but does no damage.
The spectral seven-headed hydra bites your -1 hand axe of Oshries {heavy, +Blink}.
Your -1 hand axe of Oshries {heavy, +Blink} is destroyed!
Your -1 hand axe of Oshries {heavy, +Blink} disappears in a puff of smoke!
You see here a scroll of blinking.
Unknown command.
Unknown command.
You draw a card...
You have drawn the Elements.
The death scarab bites you but does no damage.
Unknown command.
v - 3 scrolls of blinking (gained 1)
The death scarab bites you! x2
* * * LOW HITPOINT WARNING * * *
Unknown command.
Unknown command.
You swap places.
The death scarab bites your polar bear!
The death scarab drains your polar bear's vigour!
Your polar bear seems to slow down.
The death scarab bites your polar bear!
The death scarab drains your polar bear's vigour!
Your polar bear seems to slow down.
Your polar bear bites the death scarab but does no damage.
Your polar bear claws the death scarab but does no damage.
Your polar bear claws the death scarab.
The death scarab bites your polar bear!!
The death scarab drains your polar bear's vigour!
Your polar bear seems to slow down.
Your polar bear shakes off its lethargy.
Your polar bear goes berserk!
Unknown command.
Unknown command.
The death scarab bites your polar bear!
Your polar bear dies!
Your polar bear's corpse disappears in a puff of smoke!
The death scarab bites you!!
* * * LOW HITPOINT WARNING * * *
The death scarab drains your vigour!
You feel as though you will be slow longer.
Your molten gargoyle closely misses the death scarab.
Your wind drake flaps its wings at the death scarab.
The air twists around and strikes the death scarab.
The death scarab bites you!!
You die...
Your body glows with a rainbow of weird colours and disappears.

..#≈# #§#.............≈#
....### ###....#########..##
.....≈# #§.....#.......#..≈#
###..## ##..####)##.##.#..##
..#..≈# #§..#..##..#..##..≈#
©.#..## ##..#.©#©##©##.#©§##
..#..≈###≈..#..##Z.#..##.§§#
..#..##≈##..#..#B##.##.#.§##
..#.........#..#@9k....#.§§#
..#.........#..#########..###
..###########..#...........≈#
..##.......x#..#########...##
..#©######^X#..#bb.....#.∩.§#
..###..x.##.#..#$.#....#...##
..##.####.#.#..#.###...#...≈#
©©#.#^.©.^#.#©©#©.#©#.t#©ß.##
..#.#.#^##.##..#...###.#...§#


You could see a fire crab (wandering), a large abomination, a spectral
seven-headed hydra, a death scarab (ally target), a small abomination, 2 fire
bats, a friendly wind drake (summoned, repels missiles) and a friendly molten
gargoyle (summoned).

Vanquished Creatures
  Fannar (D:10)
  A boulder beetle (D:11)
  A troll (D:10)
  2 hornets (D:9)
  A wraith (D:10)
  2 wyverns
  16 yaks
  Duvessa (D:5)
  3 water moccasins (D:6)
  An ice beast (D:8)
  4 orc warriors
  2 centaurs
  5 bullfrogs
  4 scorpions
  A gnoll sergeant (D:9)
  Dowan (D:5)
  2 howler monkeys
  5 hounds
  3 jellies
  A gnoll bouda (D:6)
  3 orc priests
  5 iguanas
  5 orc wizards
  7 gnolls
  12 adders
  3 river rats (Sewer)
  A white imp (D:6)
  2 ufetubi (D:6)
  6 dart slugs
  20 orcs
  A bat (D:1)
  9 endoplasms
  3 giant cockroaches
  5 goblins
  11 hobgoblins
  7 jackals (D:4)
  2 quokkas (D:1)
  13 ball pythons
  4 frilled lizards
  5 kobolds
  21 rats
202 creatures vanquished.

Vanquished Creatures (others)
  5 dream sheep (D:4)
5 creatures vanquished.

Grand Total: 207 creatures vanquished

Notes
Turn   | Place    | Note
-------+----------+-------------------------------------------
     0 | D:1      | jagoly the Mummy Brigand began the quest for the Orb.
     0 | D:1      | Reached XP level 1. HP: 16/16 MP: 1/1
    89 | D:1      | Reached skill level 2 in Short Blades
   181 | D:1      | Reached XP level 2. HP: 22/22 MP: 2/2
   613 | D:1      | Reached XP level 3. HP: 27/27 MP: 3/3
   635 | D:1      | Reached skill level 3 in Short Blades
  1741 | D:2      | Found Lobix's Magic Scroll Shoppe.
  1815 | D:3      | Reached XP level 4. HP: 33/33 MP: 4/4
  1920 | D:3      | Found a stormy altar of Qazlal.
  1951 | D:3      | Reached skill level 4 in Short Blades
  2044 | D:3      | Reached skill level 1 in Dodging
  2827 | D:4      | Reached XP level 5. HP: 38/38 MP: 5/5
  2911 | D:4      | Found a burning altar of Makhleb.
  2911 | D:4      | Noticed a blizzard demon
  3188 | D:4      | Found a glowing drain.
  3199 | Sewer    | Entered a sewer
  3420 | Sewer    | Reached XP level 6. HP: 47/47 MP: 6/6
  3942 | D:4      | Reached skill level 5 in Fighting
  3942 | D:4      | Reached XP level 7. HP: 47/56 MP: 7/7
  4139 | D:4      | Noticed a dream sheep
  4139 | D:4      | Noticed a dream sheep
  4139 | D:4      | Noticed a dream sheep
  4139 | D:4      | Noticed a dream sheep
  4139 | D:4      | Noticed a dream sheep
  4139 | D:4      | Found a shimmering altar of Xom.
  4142 | D:4      | Killed a dream sheep
  4142 | D:4      | Killed a dream sheep
  4142 | D:4      | Killed a dream sheep
  4142 | D:4      | Killed a dream sheep
  4142 | D:4      | Killed a dream sheep
  4329 | D:4      | Found a shimmering blue altar of Sif Muna.
  4417 | D:5      | Entered Level 5 of the Dungeon
  4481 | D:5      | Found a staircase to the Ecumenical Temple.
  4499 | Temple   | Entered the Ecumenical Temple
  4508 | Temple   | Became a worshipper of Nemelex Xobeh the Trickster
  4692 | D:5      | Found a basalt altar of Yredelemnul.
  4922 | D:5      | Noticed Duvessa
  4922 | D:5      | Noticed Dowan
  4953 | D:5      | Killed Duvessa
  4954 | D:5      | Reached skill level 5 in Short Blades
  4973 | D:5      | HP: 2/58 [Dowan/+0 dagger of flaming (2)]
  4978 | D:5      | Killed Dowan
  4979 | D:5      | Reached XP level 8. HP: 3/64 MP: 8/8
  5714 | D:2      | Bought a scroll of identify for 28 gold pieces
  5714 | D:2      | Bought a scroll of fear for 56 gold pieces
  5714 | D:2      | Bought a scroll of blinking for 105 gold pieces
  5714 | D:2      | Bought a scroll of fog for 56 gold pieces
  5720 | D:2      | Identified a scroll of acquirement
  5722 | D:2      | Acquired a +1 quick blade of flaming
  5823 | D:6      | Reached skill level 6 in Short Blades
  5829 | D:6      | Reached * piety under Nemelex Xobeh
  6265 | D:6      | Received a gift from Nemelex Xobeh
  6457 | D:6      | Reached skill level 7 in Short Blades
  6934 | D:6      | Found a hide-covered altar of Uskayaw.
  7183 | D:7      | Reached ** piety under Nemelex Xobeh
  7489 | D:7      | Reached skill level 8 in Short Blades
  7613 | D:7      | Reached XP level 9. HP: 27/69 MP: 9/9
  8206 | D:8      | Noticed Amaemon
  8213 | D:8      | Noticed an orange demon
  8341 | D:8      | Reached skill level 9 in Short Blades
  8381 | D:8      | Noticed Psyche
  8470 | D:9      | Received a gift from Nemelex Xobeh
  8729 | D:9      | Reached skill level 10 in Short Blades
  8936 | D:9      | Got the Guide on the Generated Crevasse
  8951 | D:9      | Reached *** piety under Nemelex Xobeh
  9075 | D:9      | Reached XP level 10. HP: 67/80 MP: 10/10
  9562 | D:10     | Entered Level 10 of the Dungeon
  9562 | D:10     | Received a gift from Nemelex Xobeh
  9563 | D:10     | Noticed Fannar
 10019 | D:10     | Killed Fannar
 10020 | D:10     | Reached skill level 11 in Short Blades
 10210 | D:10     | Noticed Josephine
 10301 | D:10     | Found a runed translucent gate.
 10301 | D:10     | Found a runed translucent gate.
 10301 | D:10     | Found a runed translucent gate.
 10301 | D:10     | Noticed Zagger's ghost (journeyman CoFi)
 10338 | D:10     | Found a staircase to the Orcish Mines.
 10572 | D:10     | Found a broken altar of Ashenzari.
 10651 | D:11     | Noticed a boulder beetle
 10663 | D:11     | Killed a boulder beetle
 10664 | D:11     | Reached skill level 12 in Short Blades
 10690 | D:11     | Noticed a gargoyle
 10739 | D:11     | Found a gate leading to a gauntlet.
 10743 | Gauntlet | Entered a Gauntlet
 10743 | Gauntlet | Noticed a spectral seven-headed hydra
 10743 | Gauntlet | Found a transporter.
 10743 | Gauntlet | Found a transporter.
 10743 | Gauntlet | Reached **** piety under Nemelex Xobeh
 10744 | Gauntlet | Noticed a death scarab
 10747 | Gauntlet | Found a runed translucent door.
 10749 | Gauntlet | Found a transporter.
 10751 | Gauntlet | Found a transporter.
 10751 | Gauntlet | Found a transporter.
 10752 | Gauntlet | Noticed a fire crab
 10753 | Gauntlet | Found a runed translucent door.
 10754 | Gauntlet | Found a transporter.
 10756 | Gauntlet | Noticed a large abomination
 10802 | Gauntlet | Found a transporter.
 10802 | Gauntlet | Found a transporter.
 10806 | Gauntlet | Noticed a gargoyle
 10807 | Gauntlet | Noticed a meliai
 10809 | Gauntlet | Noticed a meliai
 10815 | Gauntlet | Noticed a catoblepas
 10816 | Gauntlet | Found a runed translucent gate.
 10818 | Gauntlet | Noticed a molten gargoyle
 10821 | Gauntlet | Found a runed translucent gate.
 10821 | Gauntlet | Found a transporter.
 10822 | Gauntlet | Found a runed translucent gate.
 10838 | Gauntlet | Noticed a meliai
 10839 | Gauntlet | Found a transporter.
 10862 | Gauntlet | Noticed a fire crab
 10863 | Gauntlet | Found a transporter.
 10869 | Gauntlet | Received a gift from Nemelex Xobeh
 10870 | Gauntlet | Found a transporter.
 10870 | Gauntlet | Found a transporter.
 10871 | Gauntlet | Noticed a large abomination
 10909 | Gauntlet | Noticed a large abomination
 10918 | Gauntlet | Found a transporter.
 10967 | Gauntlet | Identified the -1 hand axe of Oshries {heavy, +Blink}
 10972 | Gauntlet | Mangled by a death scarab

Illustrated notes

Levels and vault maps discovered:
D:1:      dpeg_arrival_simpleton_a, layout_loops_corners
D:2:      layout_basic, serial_shops, nicolae_shop_rolled_up,
          roderic_roman_lattice
D:3:      layout_basic, mainiacjoe_overflow_brackets, minmay_puff
D:4:      layout_loops_ring, nicolae_sif_muna_little_library,
          kb_xom_exploding_sheep, makhleb_altar_promises_db,
          portal_sewer_entry_d, minivault_5, hangedman_decor_push,
          kennysheep_generic_room_15
D:5:      layout_cave_pods, nicolae_overflow_crystal_walls,
          minmay_temple_entry_statues_fountains, minmay_holes, uniq_duvessa
D:6:      layout_basic, kennysheep_mini, nicolae_elyvilon_temple_path,
          minmay_door_square
D:7:      layout_loops_ring
D:8:      layout_rooms, dpeg_lair_monsters, dreamdust_wishing_well,
          dreamdust_deal_with_the_devil, minmay_misc_feat_cross,
          nrook_mini_vaults, kennysheep_decorative_pillar,
          minmay_fractal_squares_5, uniq_psyche, uniq_amaemon
D:9:      layout_loops_cross, enter_bailey_1, minivault_24
D:10:     layout_cave_pools, lemuel_doored_altar, orc_0_dummy,
          ebering_ghost_rock_garden, mrwooster_statue_mirror, uniq_josephine,
          uniq_fannar
D:11:     minmay_the_grid_octo_tiled_squarecenter [minmay_the_grid_octo_toaster,
          minmay_the_grid_octo_fat_diamond, minmay_the_grid_octo_77,
          minmay_the_grid_octo_checkerflower,
          minmay_the_grid_square_5x5_megaprize_hollow,
          minmay_the_grid_square_5x5_eight_small,
          minmay_the_grid_square_5x5_intrusive_squares,
          minmay_the_grid_square_5x5_one_wall,
          minmay_the_grid_square_5x5_trominoes], layout_loops_ring,
          gauntlet_entry_generic
Temple:   nicolae_temple_ecumenical_triangle
Gauntlet: gammafunk_gauntlet_mixed_choke_point [minmay_gauntlet_arena_77_braids,
          minmay_gauntlet_arena_77_double_cross,
          minmay_gauntlet_arena_77_shame_cube, gammafunk_gauntlet_arena_spirals,
          minmay_gauntlet_arena_77_tiled_triplets,
          minmay_gauntlet_arena_77_mess, minmay_gauntlet_arena_77_run_for_it,
          nicolae_gauntlet_exit_dead_adventurers]

Skill      XL: |  1  2  3  4  5  6  7  8  9 10 |
---------------+-------------------------------+-----
Short Blades   | 2 3 4 5 8 10 12 | 12.3
Dodging        | 2 |  2.0
Stealth        | 4 |  4.0
Fighting       | 3 5 6 8 |  8.0
Throwing       | 2 |  2.0

Action                     |  1- 3 |  4- 6 |  7- 9 | 10-12 || total
---------------------------+-------+-------+-------+-------++-------
  Melee: Dagger            |    72 |   133 |    62 |       ||   267
         Quick blade       |       |       |   236 |   219 ||   455
   Fire: Sling             |       |    90 |   111 |       ||   201
  Throw: Dart              |       |       |     9 |     9 ||    18
         Stone             |       |       |     1 |       ||     1
 Invoke: Draw Summoning    |       |       |       |     2 ||     2
         Draw Destruction  |       |       |       |     1 ||     1
    Use: Scroll            |       |       |    12 |     1 ||    13
   Stab: Sleeping          |    11 |       |     1 |     1 ||    13
         Distracted        |       |       |     1 |       ||     1
 Armour: Robe              |    19 |    79 |    61 |       ||   159
         Ring mail         |       |       |    52 |    60 ||   112
  Dodge: Dodged            |    28 |   104 |    81 |    35 ||   248
  Block: Other             |       |       |    15 |    26 ||    41

Table legend: (Time is in decaauts)
 A = Elapsed time spent in this place.
 B = Non-inter-level travel time spent in this place.
 C = Inter-level travel time spent in this place.
 D = Time resting spent in this place.
 E = Time spent auto-exploring this place.
 F = Levels seen in this place.
 G = Mean time per level.
                   A        B        C        D        E       F      G
               +--------+--------+--------+--------+--------+-----+--------+
         Total |  10905 |  10121 |    784 |    303 |   7299 |  14 |  778.9 |
       Dungeon |  10227 |   9459 |    768 |    303 |   7043 |  11 |  929.7 |
        Temple |     18 |      2 |     16 |      0 |      0 |   1 |   18.0 |
         Sewer |    427 |    427 |      0 |      0 |    256 |   1 |  427.0 |
      Gauntlet |    231 |    231 |      0 |      0 |      0 |   1 |  231.0 |
               +--------+--------+--------+--------+--------+-----+--------+

Top non-repeatable levels by time:
     D:9: 1536 daAuts
     D:6: 1260 daAuts
     D:5: 1235 daAuts
     D:4: 1142 daAuts
     D:7: 1142 daAuts
     D:3: 1102 daAuts
     D:2: 951 daAuts
     D:1: 949 daAuts
    D:10: 682 daAuts
   Sewer: 427 daAuts
Gauntlet: 231 daAuts
     D:8: 153 daAuts
    D:11: 71 daAuts
  Temple: 18 daAuts
